 Dungeon Crawl Stone Soup version 0.17.2-1-ge4368a0 (webtiles) character file.

1039 Goblin1989 the Basher (level 8, -4/58 HPs)
             Began as a Demonspawn Fighter on July 28, 2016.
             Was an Initiate of Okawaru.
             Killed by divine providence
             ... invoked by an orc priest
              (12 damage)
             ... on level 6 of the Dungeon.
             The game lasted 00:11:06 (3351 turns).

Goblin1989 the Basher (Demonspawn Fighter)          Turns: 3351, Time: 00:11:06

Health: -4/58      AC: 14    Str: 19    XL:     8   Next: 4%
Magic:  8/8        EV:  3    Int:  9    God:    Okawaru [......]
Gold:   188        SH: 12    Dex: 13    Spells: 0 memorised, 7 levels left

rFire  . . .     SeeInvis .     a - +0 flail
rCold  . . .     Clarity  .     r - +0 plate armour
rNeg   . . .     SustAt   .     c - +0 shield
rPois  .         Gourm    .     (no helmet)
rElec  .         Spirit   .     (no cloak)
rCorr  .         Warding  .     (no gloves)
rMut   .         Stasis   .     (no boots)
MR     ++...                    (no amulet)
Stlth  ..........               t - ring of protection from magic
                                k - ring of protection from magic

@: lethally poisoned (-4 -> -6), very resistant to hostile enchantments,
extremely unstealthy
A: large bone plates 2, demonic guardian 1, spiny 2
a: Renounce Religion


You were on level 6 of the Dungeon.
You worshipped Okawaru.
Okawaru was noncommittal.
You were near starving.

You visited 1 branch of the dungeon, and saw 6 of its levels.

You collected 188 gold pieces.

Inventory:

Hand Weapons
 a - a +0 flail (weapon)
Armour
 c - a +0 shield (worn)
 n - a +0 chain mail
 r - a +0 plate armour (worn)
Jewellery
 k - a ring of protection from magic (left hand)
 t - a ring of protection from magic (right hand)
Wands
 h - a wand of frost (26)
Scrolls
 b - a scroll of enchant weapon {unknown}
 f - 4 scrolls of magic mapping
 g - a scroll of teleportation
 i - a scroll of holy word {unknown}
 l - a scroll of blinking {unknown}
 m - a scroll of recharging
 o - 2 scrolls of immolation {unknown}
 p - a scroll of fear {unknown}
 q - 2 scrolls of remove curse
 s - a scroll of amnesia {unknown}
 v - a scroll of identify
 w - a scroll of silence {unknown}
Potions
 j - a potion of curing
Comestibles
 d - a meat ration
 e - 2 bread rations
 u - a beef jerky


   Skills:
 - Level 3.0 Fighting
 + Level 8.8 Maces & Flails
 - Level 2.6 Armour
 - Level 2.6 Shields


You had 7 spell levels left.
You didn't know any spells.

Dungeon Overview and Level Annotations

Branches:
Dungeon (6/15)
 Temple: D:4-7

Altars:
Ashenzari
Makhleb
Nemelex Xobeh
Okawaru
Vehumet
Xom
Yredelemnul

Annotations:
D:3 Grinder
D:4 Sigmund
D:5 Goblin1989's ghost, novice HOBe


Innate Abilities, Weirdness & Mutations

You are mostly covered in large bone plates (AC +3, SH +3).
A weak demonic guardian rushes to your aid.
You are mostly covered in sharp spines.


Message History

Your quasit claws the orc but does no damage. x2
Your quasit bites something but does no damage.
Your quasit barely misses something.
Your quasit misses something.
The orc priest calls upon Beogh to heal the orc.
The orc's wounds heal themselves!
Your quasit bites the orc but does no damage.
Your quasit barely misses the orc.
Your quasit closely misses the orc.
You take 1 damage, and have 21/58 hp.
The orc priest mumbles some strange prayers to Beogh against you.
Something smites you!
* * * LOW HITPOINT WARNING * * *
Something closely misses your quasit.
Your quasit completely misses the orc.
Your quasit claws the orc but does no damage.
Your quasit claws the orc.
Your quasit bites the orc priest.
Your quasit claws the orc priest but does no damage. x2
The orc hits your quasit with a hand axe of venom.
You take 13 damage, and have 8/58 hp.
MASSIVE DAMAGE!!
The orc priest calls down the wrath of Beogh upon you.
Something smites you!
You die...

#.# #...........# ######
#.###...........# #.....
###...............# #.....
#......#....##########.....
#......#....+..............
#......#....####....#######
#.............##...........
#..........>..'.......†....
#......)..@...##...........
#.............##...........
######........##....#######
#######........##....#......
#..............##....#......
#...(...5......##....#......
#.....oo#########....#..(...
#.....5o# ####### .......o#


You could see 2 orc priests, an orc and 2 friendly quasits.

Vanquished Creatures
  2 ogres
  A giant frog (D:6)
  Blork the orc (D:4)
  2 crimson imps
  3 hounds
  Crazy Yiuf (D:2)
  Ijyb (D:3)
  5 worker ants
  An orc wizard (D:5)
  Robin (D:2)
  8 adders
  6 gnolls (D:4)
  2 giant geckos
  6 orcs
  6 bats
  7 giant cockroaches
  21 goblins
  4 hobgoblins
  10 jackals
  A ball python (D:1)
  4 giant newts
  A jackal zombie (D:5)
  6 kobolds
  2 quokka skeletons
  5 rats (D:1)
107 creatures vanquished.

Vanquished Creatures (collateral kills)
  An ogre (D:5)
  A scorpion (D:4)
  A crimson imp (D:5)
  2 orc wizards (D:5)
  A gnoll (D:4)
  An adder skeleton (D:4)
  A giant newt (D:4)
8 creatures vanquished.

Grand Total: 115 creatures vanquished

Notes
Turn   | Place    | Note
--------------------------------------------------------------
     0 | D:1      | Goblin1989 the Demonspawn Fighter began the quest for the Orb.
     0 | D:1      | Reached XP level 1. HP: 18/18 MP: 1/1
    77 | D:1      | Gained mutation: You are partially covered in sharp spines. [demonic ancestry]
    77 | D:1      | Reached XP level 2. HP: 18/24 MP: 2/2
   633 | D:2      | Gained mutation: You are partially covered in large bone plates (AC +2, SH +2). [demonic ancestry]
   633 | D:2      | Reached XP level 3. HP: 29/29 MP: 3/3
   634 | D:2      | Noticed Robin
   654 | D:2      | Killed Robin
   660 | D:2      | Reached skill level 4 in Maces & Flails
   660 | D:2      | Gained mutation: You are mostly covered in sharp spines. [demonic ancestry]
   660 | D:2      | Reached XP level 4. HP: 24/35 MP: 4/4
  1279 | D:2      | Noticed Crazy Yiuf
  1289 | D:2      | Killed Crazy Yiuf
  1681 | D:3      | Gained mutation: A weak demonic guardian rushes to your aid. [demonic ancestry]
  1681 | D:3      | Reached XP level 5. HP: 41/41 MP: 5/5
  1709 | D:3      | Noticed Ijyb
  1719 | D:3      | Killed Ijyb
  1719 | D:3      | Reached skill level 5 in Maces & Flails
  1912 | D:3      | Noticed Grinder
  1924 | D:3      | HP: 2/41 [something (2)]
  1936 | D:3      | Paralysed by something for 6 turns
  2236 | D:4      | Noticed Blork the orc
  2248 | D:4      | Killed Blork the orc
  2248 | D:4      | Gained mutation: You are mostly covered in large bone plates (AC +3, SH +3). [demonic ancestry]
  2248 | D:4      | Reached XP level 6. HP: 33/47 MP: 6/6
  2274 | D:4      | Reached skill level 6 in Maces & Flails
  2466 | D:4      | Found a sparkling altar of Nemelex Xobeh.
  2552 | D:4      | Noticed Sigmund
  2555 | D:5      | Entered Level 5 of the Dungeon
  2572 | D:5      | Reached skill level 7 in Maces & Flails
  2572 | D:5      | Reached XP level 7. HP: 36/52 MP: 7/7
  2883 | D:5      | Reached skill level 8 in Maces & Flails
  2901 | D:5      | Found a basalt altar of Yredelemnul.
  2906 | D:5      | Found a shattered altar of Ashenzari.
  2912 | D:5      | Found a radiant altar of Vehumet.
  2913 | D:5      | Found a burning altar of Makhleb.
  2913 | D:5      | Found a shimmering altar of Xom.
  2917 | D:5      | Found an iron altar of Okawaru.
  2951 | D:5      | Became a worshipper of Warmaster Okawaru
  3004 | D:5      | Noticed Goblin1989's ghost (novice HOBe)
  3210 | D:6      | Identified the Almanac of Dusty Transformation
  3310 | D:6      | Reached XP level 8. HP: 50/58 MP: 8/8
  3351 | D:6      | Killed from afar by an orc priest

Action                   |  1- 3 |  4- 6 |  7- 9 || total
-------------------------+-------+-------+-------++-------
Melee: Flail             |    55 |    88 |    75 ||   218
  Use: Potion            |     1 |     2 |     1 ||     4
       Scroll            |       |     5 |       ||     5
  Eat: Meat ration       |       |     1 |       ||     1
       Chunk             |       |       |     1 ||     1
